SR
HUDSONVILLE FLANDERSES @ CAPITAL HILL INTERNS
08/02/2041
 
TOP OF THE 1ST
Hudsonville Flanderses batting - Pitching for Capital Hill Interns : RHP Charles Harvey
Pitching: RHP Charles Harvey
Batting: SHB José García 0-0: SINGLE (Groundball, 4M, EV 88.1 MPH) (infield hit)
Batting: RHB Bartolo Ayala 0-0: SINGLE (Line Drive, 9S, EV 93.1 MPH)
José García to second
Batting: RHB Aleixos Arde 0-0: Ball
1-0: Swinging Strike
1-1: Grounds into double play, 4-6-3 (Groundball, 4, EV 91.9 MPH)
José García to third
Batting: RHB Pancho Achio 0-0: Ball
Passed Ball!
José García scores
1-0: Called Strike
1-1: Foul Ball, location: 2F
1-2: Ball
2-2: Foul Ball, location: 2F
2-2: Foul Ball, location: 2F
2-2: Ball
3-2: Strikes out looking
Top of the 1st over - 1 run, 2 hits, 0 errors, 0 left on base; Hudsonville 1 - Capital Hill 0
BOTTOM OF THE 1ST
Capital Hill Interns batting - Pitching for Hudsonville Flanderses : LHP Lance Simmons
Pitching: LHP Lance Simmons
Batting: RHB Devin Shaw 0-0: Swinging Strike
0-1: Called Strike
0-2: Single, Error in OF, E8, batter to second base (Groundball, 6MD, EV 106.9 MPH)
Batting: RHB Miguel Pérez 0-0: SINGLE (Line Drive, 8LS, EV 109.4 MPH)
Devin Shaw to third
Batting: RHB Valerio Salviati 0-0: Ball
1-0: Ball
2-0: SINGLE (Flyball, 8RS, EV 89.4 MPH)
Devin Shaw scores
Miguel Pérez to second
Runner from 2nd tries for 3rd, SAFE, throw by CF made to third
Batting: RHB Calvin Myrick 0-0: Ball
1-0: Called Strike
1-1: Ball
2-1: Foul Ball, location: 2F
2-2: Strikes out swinging
Batting: RHB Asko Huhtamo 0-0: Called Strike
0-1: Called Strike
0-2: Ball
1-2: Ball
2-2: Ball
3-2: Strikes out looking
Valerio Salviati steals 2nd base
Batter strikes out.
Batting: LHB Armando García 0-0: Called Strike
0-1: Ball
1-1: Ball
2-1: Swinging Strike
2-2: Ball
3-2: Foul Ball, location: 2F
3-2: Hit by Pitch
Batting: RHB Javier García 0-0: Ball
1-0: Ball
2-0: Ball
3-0: Called Strike
3-1: Called Strike
3-2: DOUBLE (Line Drive, 9LM, EV 89.4 MPH)
Miguel Pérez scores
Valerio Salviati scores
Armando García to third
Armando García scores
Batting: LHB Gabriel Gonzáles 0-0: Ball
1-0: Called Strike
1-1: Called Strike
1-2: Foul Ball, location: 2F
1-2: Ball
2-2: Ball
3-2: SINGLE (Line Drive, 78S, EV 106.9 MPH)
Javier García to third
Javier García scores
Batting: SHB Andrew Reed 0-0: Ball
1-0: Fly out, F9 (Line Drive, 9, EV 91.2 MPH)
Bottom of the 1st over - 5 runs, 5 hits, 1 error, 1 left on base; Hudsonville 1 - Capital Hill 5
TOP OF THE 2ND
Hudsonville Flanderses batting - Pitching for Capital Hill Interns : RHP Charles Harvey
Batting: SHB Bailey Stuart 0-0: Called Strike
0-1: Ball
1-1: Ball
2-1: SINGLE (Line Drive, 56, EV 96.9 MPH)
Batting: RHB Yosuke Konishi 0-0: Called Strike
0-1: Foul Ball, location: 2F
0-2: Fielders Choice at 2nd, 4-6 (Groundball, 4, EV 110.6 MPH)
Batting: LHB Ben Yunusov 0-0: Swinging Strike
0-1: Ball
1-1: Swinging Strike
1-2: Ball
2-2: Foul Ball, location: 2F
2-2: Ball
3-2: Foul Ball, location: 2F
3-2: Foul Ball, location: 2F
3-2: Foul Ball, location: 2F
3-2: Base on Balls
Yosuke Konishi to second
Batting: RHB Tony Mendoza 0-0: Foul Ball, location: 2F
0-1: Ball
1-1: Called Strike
1-2: Ball
2-2: Ball
3-2: Strikes out swinging
Batting: RHB Mike Marcus 0-0: Ball
Passed Ball!
Yosuke Konishi to third
Ben Yunusov to second
1-0: Called Strike
1-1: Foul Ball, location: 2F
1-2: Ball
2-2: SINGLE (Groundball, 56, EV 100.0 MPH) (infield hit)
Yosuke Konishi scores
Ben Yunusov to third
Batting: SHB José García 0-0: Called Strike
0-1: SINGLE (Groundball, 4MD, EV 108.1 MPH)
Ben Yunusov scores
Mike Marcus to second
Batting: RHB Bartolo Ayala 0-0: Called Strike
0-1: Called Strike
0-2: Ball
1-2: Ball
2-2: Ball
3-2: Strikes out looking
Top of the 2nd over - 2 runs, 3 hits, 0 errors, 2 left on base; Hudsonville 3 - Capital Hill 5
BOTTOM OF THE 2ND
Capital Hill Interns batting - Pitching for Hudsonville Flanderses : LHP Lance Simmons
Batting: RHB Devin Shaw 0-0: Ball
1-0: Fly out, F7 (Line Drive, 7, EV 110.6 MPH)
Batting: RHB Miguel Pérez 0-0: Called Strike
0-1: Swinging Strike
0-2: Strikes out swinging
Batting: RHB Valerio Salviati 0-0: Fly out, F3 (Popup, 34S, EV 66.2 MPH)
Bottom of the 2nd over - 0 runs, 0 hits, 0 errors, 0 left on base; Hudsonville 3 - Capital Hill 5
TOP OF THE 3RD
Hudsonville Flanderses batting - Pitching for Capital Hill Interns : RHP Charles Harvey
Batting: RHB Aleixos Arde 0-0: Ball
1-0: Called Strike
1-1: Foul Ball, location: 2F
1-2: Strikes out swinging
Batting: RHB Pancho Achio 0-0: Called Strike
0-1: Foul Ball, location: 2F
0-2: Ground out 5-3 (Groundball, 56S, EV 91.2 MPH)
Batting: SHB Bailey Stuart 0-0: Ball
1-0: Ball
2-0: Ground out 3-1 (Groundball, 34S, EV 73.8 MPH)
Top of the 3rd over - 0 runs, 0 hits, 0 errors, 0 left on base; Hudsonville 3 - Capital Hill 5
BOTTOM OF THE 3RD
Capital Hill Interns batting - Pitching for Hudsonville Flanderses : LHP Lance Simmons
Batting: RHB Calvin Myrick 0-0: Ball
1-0: Ball
2-0: Fly out, F8 (Line Drive, 8RM, EV 90.0 MPH)
Batting: RHB Asko Huhtamo 0-0: SINGLE (Line Drive, 78M, EV 104.4 MPH)
Batting: LHB Armando García 0-0: Called Strike
0-1: Ball
1-1: Ball
2-1: Foul Ball, location: 2F
2-2: Ball
3-2: Base on Balls
Asko Huhtamo to second
Batting: RHB Javier García 0-0: Called Strike
0-1: Ball
1-1: Ball
2-1: Ball
3-1: Base on Balls
Asko Huhtamo to third
Armando García to second
Batting: LHB Gabriel Gonzáles 0-0: Ball
1-0: Grounds into fielders choice 2-2 (Groundball, 2L, EV 71.9 MPH)
Armando García to third
Javier García to second
Batting: SHB Andrew Reed 0-0: Swinging Strike
0-1: Fly out, F8 (Flyball, 8RD, EV 93.8 MPH)
Bottom of the 3rd over - 0 runs, 1 hit, 0 errors, 3 left on base; Hudsonville 3 - Capital Hill 5
TOP OF THE 4TH
Hudsonville Flanderses batting - Pitching for Capital Hill Interns : RHP Charles Harvey
Batting: RHB Yosuke Konishi 0-0: Ball
1-0: Foul Ball, location: 2F
1-1: DOUBLE (Line Drive, 9LM, EV 97.5 MPH)
Batting: LHB Ben Yunusov 0-0: Ball
1-0: Ball
2-0: Ball
Passed Ball!
Yosuke Konishi to third
3-0: Called Strike
3-1: Fly out, F6 (Popup, 6MS, EV 62.5 MPH)
Batting: RHB Tony Mendoza 0-0: SINGLE (Groundball, 6MD, EV 103.8 MPH)
Yosuke Konishi scores
Batting: RHB Mike Marcus 0-0: Foul Ball, location: 2F
0-1: Foul Ball, location: 2F
0-2: Ball
1-2: Fly out, F9 (Flyball, 9S, EV 90.6 MPH)
Batting: SHB José García 0-0: Fly out, F5 (Popup, 56S, EV 79.4 MPH)
Top of the 4th over - 1 run, 2 hits, 0 errors, 1 left on base; Hudsonville 4 - Capital Hill 5
BOTTOM OF THE 4TH
Capital Hill Interns batting - Pitching for Hudsonville Flanderses : LHP Lance Simmons
Batting: RHB Devin Shaw 0-0: Ball
1-0: SINGLE (Groundball, 34D, EV 103.8 MPH)
Batting: RHB Miguel Pérez 0-0: Called Strike
0-1: Ball
1-1: Called Strike
1-2: Ball
2-2: Foul Ball, location: 2F
2-2: Ball
3-2: Foul Ball, location: 2F
3-2: Foul Ball, location: 2F
3-2: Foul Ball, location: 2F
3-2: Fielders Choice at 2nd, 1-4 (Groundball, 25, EV 85.6 MPH)
Batting: RHB Valerio Salviati 0-0: Ball
1-0: DOUBLE (Line Drive, 9LM, EV 103.8 MPH)
Miguel Pérez to third
Batting: RHB Calvin Myrick 0-0: Ground out 2-3 (Groundball, 13S, EV 61.2 MPH)
Pitching: LHP Phil Lewis
Batting: RHB Asko Huhtamo 0-0: Ball
1-0: Foul Ball, location: 2F
1-1: Foul Ball, location: 2F
1-2: Foul Ball, location: 2F
1-2: Ball
2-2: Foul Ball, location: 2F
2-2: Strikes out swinging
Bottom of the 4th over - 0 runs, 2 hits, 0 errors, 2 left on base; Hudsonville 4 - Capital Hill 5
TOP OF THE 5TH
Hudsonville Flanderses batting - Pitching for Capital Hill Interns : RHP Charles Harvey
Batting: RHB Bartolo Ayala 0-0: Ball
1-0: Ball
2-0: Foul Ball, location: 2F
2-1: Foul Ball, location: 2F
2-2: Strikes out looking
Batting: RHB Aleixos Arde 0-0: Fly out, F8 (Flyball, 8RS, EV 86.9 MPH)
Batting: RHB Pancho Achio 0-0: Ball
1-0: Fly out, F8 (Line Drive, 8LD, EV 108.1 MPH)
Top of the 5th over - 0 runs, 0 hits, 0 errors, 0 left on base; Hudsonville 4 - Capital Hill 5
BOTTOM OF THE 5TH
Capital Hill Interns batting - Pitching for Hudsonville Flanderses : LHP Phil Lewis
Batting: LHB Armando García 0-0: Called Strike
0-1: Ball
1-1: Swinging Strike
1-2: Strikes out swinging
Batting: RHB Javier García 0-0: Called Strike
0-1: Ball
1-1: Foul Ball, location: 2F
1-2: Fly out, F7 (Line Drive, 7, EV 102.5 MPH)
Batting: LHB Gabriel Gonzáles 0-0: Called Strike
0-1: Ball
1-1: Ball
2-1: Foul Ball, location: 2F
2-2: SINGLE (Groundball, 6D, EV 106.2 MPH)
Batting: SHB Andrew Reed 0-0: Called Strike
0-1: Ball
1-1: Ball
2-1: Foul Ball, location: 2F
2-2: Fly out, F9 (Flyball, 9LS, EV 93.1 MPH)
Bottom of the 5th over - 0 runs, 1 hit, 0 errors, 1 left on base; Hudsonville 4 - Capital Hill 5
TOP OF THE 6TH
Hudsonville Flanderses batting - Pitching for Capital Hill Interns : RHP Charles Harvey
Batting: SHB Bailey Stuart 0-0: Fly out, F4 (Line Drive, 4, EV 75.0 MPH)
Batting: RHB Yosuke Konishi 0-0: Ball
1-0: Ball
2-0: Ground out 1-3 (Groundball, 13, EV 81.2 MPH)
Batting: LHB Ben Yunusov 0-0: Ball
1-0: Called Strike
1-1: SINGLE (Line Drive, 8RS, EV 103.1 MPH)
Batting: RHB Tony Mendoza 0-0: TRIPLE (Line Drive, 89XD, EV 107.5 MPH)
Ben Yunusov scores
Batting: RHB Mike Marcus 0-0: Called Strike
0-1: Foul Ball, location: 2F
0-2: Strikes out swinging
Top of the 6th over - 1 run, 2 hits, 0 errors, 1 left on base; Hudsonville 5 - Capital Hill 5
BOTTOM OF THE 6TH
Capital Hill Interns batting - Pitching for Hudsonville Flanderses : LHP Phil Lewis
Batting: RHB Devin Shaw 0-0: Called Strike
0-1: Ball
1-1: Ball
2-1: Ball
3-1: DOUBLE (Flyball, 89D, EV 103.1 MPH)
Batting: RHB Miguel Pérez 0-0: Called Strike
Devin Shaw steals 3rd base
0-1: Ball
1-1: Ball
2-1: Foul Ball, location: 2F
2-2: SINGLE (Groundball, 6, EV 88.1 MPH) (infield hit)
Devin Shaw scores
Batting: RHB Valerio Salviati 0-0: Called Strike
0-1: Foul Ball, location: 2F
0-2: Fielders Choice at 2nd, 1-6 (Groundball, 34S, EV 83.1 MPH)
Batting: RHB Calvin Myrick 0-0: Foul Ball, location: 2F
0-1: Foul Ball, location: 2F
0-2: SINGLE (Flyball, 9LS, EV 85.0 MPH)
Valerio Salviati to second
Batting: RHB Asko Huhtamo 0-0: Called Strike
0-1: Ball
1-1: DOUBLE (Line Drive, 9LM, EV 105.6 MPH)
Valerio Salviati scores
Calvin Myrick to third
Runner from 3rd tries for Home, SAFE, no throw by RF
Pitching: RHP Roberto Córdova
Batting: LHB Armando García 0-0: Foul Ball, location: 2F
0-1: Ball
1-1: Ball
2-1: Ball
3-1: DOUBLE (Line Drive, 5D, EV 95.0 MPH)
Asko Huhtamo scores
Batting: RHB Javier García 0-0: Ball
1-0: Swinging Strike
1-1: Swinging Strike
1-2: Ground out 2-3 (Groundball, 2L, EV 67.5 MPH)
Armando García to third
Batting: LHB Gabriel Gonzáles 0-0: Ball
1-0: Called Strike
1-1: Ball
2-1: Foul Ball, location: 2F
2-2: Strikes out looking
Bottom of the 6th over - 4 runs, 5 hits, 0 errors, 1 left on base; Hudsonville 5 - Capital Hill 9
TOP OF THE 7TH
Hudsonville Flanderses batting - Pitching for Capital Hill Interns : RHP Charles Harvey
Batting: SHB José García 0-0: Ball
1-0: Ball
2-0: Called Strike
2-1: Ground out 6-3 (Groundball, 6, EV 101.2 MPH)
Batting: RHB Bartolo Ayala 0-0: Ball
1-0: Ball
2-0: Called Strike
2-1: Foul Ball, location: 2F
2-2: Fly out, F7 (Line Drive, 78M, EV 106.9 MPH)
Batting: RHB Aleixos Arde 0-0: Called Strike
0-1: Ball
1-1: Foul Ball, location: 2F
1-2: DOUBLE (Line Drive, 89D, EV 114.4 MPH)
Batting: RHB Pancho Achio 0-0: Fly out, F9 (Flyball, 9S, EV 86.2 MPH)
Top of the 7th over - 0 runs, 1 hit, 0 errors, 1 left on base; Hudsonville 5 - Capital Hill 9
BOTTOM OF THE 7TH
Capital Hill Interns batting - Pitching for Hudsonville Flanderses : RHP Roberto Córdova
Batting: SHB Andrew Reed 0-0: Ball
1-0: Foul Ball, location: 2F
1-1: Foul Ball, location: 2F
1-2: Strikes out swinging
Batting: RHB Devin Shaw 0-0: Called Strike
0-1: Ball
1-1: Ball
2-1: Fly out, F8 (Flyball, 8LS, EV 81.9 MPH)
Batting: RHB Miguel Pérez 0-0: Called Strike
0-1: Swinging Strike
0-2: Ball
1-2: Ball
2-2: Ball
3-2: Strikes out swinging
Bottom of the 7th over - 0 runs, 0 hits, 0 errors, 0 left on base; Hudsonville 5 - Capital Hill 9
TOP OF THE 8TH
Hudsonville Flanderses batting - Pitching for Capital Hill Interns : RHP Charles Harvey
Pitching: RHP Carlos Cardenas
Batting: SHB Bailey Stuart 0-0: Ball
1-0: Ball
2-0: SINGLE (Groundball, 6MD, EV 103.1 MPH)
Batting: RHB Yosuke Konishi 0-0: Ball
1-0: Ball
2-0: SINGLE (Groundball, 4, EV 100.6 MPH) (infield hit)
Bailey Stuart to second
Batting: LHB Ben Yunusov 0-0: Swinging Strike
0-1: Ball
1-1: Swinging Strike
1-2: Foul Ball, location: 2F
1-2: Ball
2-2: Ball
3-2: Foul Ball, location: 2F
3-2: SINGLE (Line Drive, 34D, EV 98.8 MPH)
Bailey Stuart to third
Yosuke Konishi to second
Runner from 3rd tries for Home, SAFE, no throw by RF
Batting: RHB Tony Mendoza 0-0: Ball
1-0: Swinging Strike
1-1: DOUBLE (Groundball, 5L, EV 101.9 MPH)
Yosuke Konishi scores
Ben Yunusov to third
Pinch Hitting: LHB Don Clark 0-0: SINGLE (Line Drive, 89M, EV 95.6 MPH)
Ben Yunusov scores
Tony Mendoza to third
Pitching: RHP Johnny Ijzendoorn
Batting: SHB José García 0-0: Foul Ball, location: 2F
0-1: Swinging Strike
0-2: Strikes out looking
Batting: RHB Bartolo Ayala 0-0: Foul Ball, location: 2F
0-1: Foul Ball, location: 2F
0-2: Ball
1-2: Ball
2-2: Strikes out looking
Batting: RHB Aleixos Arde 0-0: Ball
1-0: Ball
2-0: SINGLE (Line Drive, 6M, EV 99.4 MPH)
Tony Mendoza scores
Don Clark to second
Batting: RHB Pancho Achio 0-0: Ball
1-0: Ground out 1-3 (Groundball, 13, EV 81.2 MPH)
Top of the 8th over - 4 runs, 6 hits, 0 errors, 2 left on base; Hudsonville 9 - Capital Hill 9
BOTTOM OF THE 8TH
Capital Hill Interns batting - Pitching for Hudsonville Flanderses : RHP Roberto Córdova
Now in CF: Vonne Fajardo
Batting: RHB Valerio Salviati 0-0: Ball
1-0: Ball
2-0: Foul Ball, location: 2F
2-1: Swinging Strike
2-2: Foul Ball, location: 2F
2-2: Strikes out swinging, 2-3 out at first.
Batting: RHB Calvin Myrick 0-0: Ball
1-0: SOLO HOME RUN (Line Drive, 7LD, EV 106.2 MPH), Distance : 339 ft
Batting: RHB Asko Huhtamo 0-0: Foul Ball, location: 2F
0-1: DOUBLE (Flyball, 8LXD, EV 105.6 MPH)
Batting: LHB Armando García 0-0: Intentional Walk
Batting: RHB Javier García 0-0: Called Strike
0-1: Ball
1-1: Ball
2-1: Ball
3-1: Foul Ball, location: 2F
3-2: Strikes out swinging
Batting: LHB Gabriel Gonzáles 0-0: Swinging Strike
0-1: Ball
1-1: Foul Ball, location: 2F
1-2: Foul Ball, location: 2F
1-2: Ball
2-2: Ground out 2-3 (Groundball, 15S, EV 72.5 MPH)
Bottom of the 8th over - 1 run, 2 hits, 0 errors, 2 left on base; Hudsonville 9 - Capital Hill 10
TOP OF THE 9TH
Hudsonville Flanderses batting - Pitching for Capital Hill Interns : RHP Johnny Ijzendoorn
Pitching: LHP Pedro Garza
Batting: SHB Bailey Stuart 0-0: Foul Ball, location: 2F
0-1: Ball
1-1: Foul Ball, location: 2F
1-2: Fly out, F8 (Line Drive, 8RM, EV 93.1 MPH)
Batting: RHB Yosuke Konishi 0-0: Called Strike
0-1: Ball
1-1: SINGLE (Groundball, 4D, EV 111.2 MPH)
Batting: LHB Ben Yunusov 0-0: Swinging Strike
0-1: Fly out, F7 (Flyball, 7, EV 81.9 MPH)
Batting: RHB Tony Mendoza 0-0: Called Strike
0-1: Fielders Choice at 2nd, 5-4 (Groundball, 5, EV 84.4 MPH)
Top of the 9th over - 0 runs, 1 hit, 0 errors, 1 left on base; Hudsonville 9 - Capital Hill 10
Tuesday, January 5th, 2021 - OOTP Baseball 20.8 Build 74